TOP OF THE 1ST |
Amity Gardens Westerners batting - Pitching for Gilbert Fire Fighters : RHP Ángel Rodríguez
|
Pitching: RHP Ángel Rodríguez
|
|
Batting: RHB Mel Wells
|
0-0: Foul Ball, location: 2F 0-1: Ball 1-1: Ball 2-1: Foul Ball, location: 2F 2-2: Ball 3-2: Strikes out swinging
|
Batting: RHB Ánibal Vega
|
0-0: Called Strike 0-1: Ball 1-1: Ball 2-1: Foul Ball, location: 2F 2-2: DOUBLE (Line Drive, 7LM)
|
Batting: SHB Chris Barrett
|
0-0: Ball 1-0: Called Strike 1-1: Foul Ball, location: 2F 1-2: Strikes out swinging
|
Batting: RHB Pat Johnston
|
0-0: Ball 1-0: Called Strike 1-1: Foul Ball, location: 2F 1-2: Ball 2-2: Strikes out swinging
|
Top of the 1st over - 0 run(s), 1 hit(s), 0 error(s), 1 left on base; Amity Gardens 0 - Gilbert 0 |
BOTTOM OF THE 1ST |
Gilbert Fire Fighters batting - Pitching for Amity Gardens Westerners : LHP Fernando García
|
Pitching: LHP Fernando García
|
|
Batting: RHB Ramón Maldonado
|
0-0: Ball 1-0: Ball 2-0: Fly out, F5 (Line Drive, 56)
|
Batting: LHB Mark Sanders
|
0-0: Foul Ball, location: 2F 0-1: Ground out 3-1 (Groundball, 34S)
|
Batting: LHB Matt Moore
|
0-0: Ball 1-0: Called Strike 1-1: Fly out, F8 (Flyball, 89S)
|
Bottom of the 1st over - 0 run(s), 0 hit(s), 0 error(s), 0 left on base; Amity Gardens 0 - Gilbert 0 |
TOP OF THE 2ND |
Amity Gardens Westerners batting - Pitching for Gilbert Fire Fighters : RHP Ángel Rodríguez
|
Batting: LHB Jack Mitchell
|
0-0: Called Strike 0-1: Foul Ball, location: 2F 0-2: SINGLE (Line Drive, 56D)
|
Batting: RHB Carlos Dumenigo
|
0-0: Ball 1-0: Ball 2-0: Called Strike 2-1: DOUBLE (Groundball, 5L) Jack Mitchell to third
|
Batting: RHB Josh Bergman
|
0-0: Ball 1-0: Ball 2-0: Ground out 6-3 (Groundball, 6) Jack Mitchell scores
|
Batting: RHB Jonathon García
|
0-0: Called Strike Throwing error on steal attempt, E2 Carlos Dumenigo scores 0-1: Ground out 6-3 (Groundball, 6S)
|
Batting: RHB Tomás Rivera
|
0-0: Called Strike 0-1: Foul Ball, location: 2F 0-2: Strikes out swinging
|
Top of the 2nd over - 2 run(s), 2 hit(s), 1 error(s), 0 left on base; Amity Gardens 2 - Gilbert 0 |
BOTTOM OF THE 2ND |
Gilbert Fire Fighters batting - Pitching for Amity Gardens Westerners : LHP Fernando García
|
Batting: RHB Bill Salinas
|
0-0: Ball 1-0: Fly out, F8 (Flyball, 8LXD)
|
Batting: SHB José Salazar
|
0-0: Called Strike 0-1: Ball 1-1: Called Strike 1-2: SINGLE (Line Drive, 4MD)
|
Batting: RHB John Field
|
0-0: Called Strike 0-1: Ball 1-1: Ground out 2-3 (Groundball, 15S) José Salazar to second
|
Batting: RHB Jesús Acosta
|
0-0: Called Strike 0-1: Ball 1-1: Swinging Strike 1-2: Ball 2-2: Strikes out looking
|
Bottom of the 2nd over - 0 run(s), 1 hit(s), 0 error(s), 1 left on base; Amity Gardens 2 - Gilbert 0 |
TOP OF THE 3RD |
Amity Gardens Westerners batting - Pitching for Gilbert Fire Fighters : RHP Ángel Rodríguez
|
Batting: RHB Mel Wells
|
0-0: Called Strike 0-1: Ball 1-1: Foul Ball, location: 2F 1-2: Ball 2-2: Strikes out swinging
|
Batting: RHB Ánibal Vega
|
0-0: Ball 1-0: Ball 2-0: Called Strike 2-1: Foul Ball, location: 2F 2-2: Foul Ball, location: 2F 2-2: Ball 3-2: Base on Balls
|
Batting: SHB Chris Barrett
|
0-0: Ball 1-0: Ball 2-0: Called Strike Ánibal Vega steals 2nd base 2-1: Foul Ball, location: 2F 2-2: Ball 3-2: Base on Balls
|
Batting: RHB Pat Johnston
|
0-0: Ball Ánibal Vega steals 3rd base Chris Barrett to second 1-0: Ball 2-0: Ball 3-0: Called Strike 3-1: Called Strike 3-2: Foul Ball, location: 2F 3-2: SINGLE (Line Drive, 7S) Ánibal Vega scores Chris Barrett to third Runner from 3rd tries for Home, SAFE, no throw
|
Batting: LHB Jack Mitchell
|
0-0: Ball 1-0: Foul Ball, location: 2F 1-1: Fly out, F3 (Line Drive, 3L) Lined into DP, U3 (Line Drive, 3L)
|
Top of the 3rd over - 2 run(s), 1 hit(s), 0 error(s), 0 left on base; Amity Gardens 4 - Gilbert 0 |
BOTTOM OF THE 3RD |
Gilbert Fire Fighters batting - Pitching for Amity Gardens Westerners : LHP Fernando García
|
Batting: RHB Iván Romero
|
0-0: SINGLE (Groundball, 56D)
|
Batting: RHB Alfonso Santiago
|
0-0: Foul Ball, location: 2F 0-1: Swinging Strike 0-2: Ball 1-2: Strikes out swinging
|
Batting: RHB Ramón Maldonado
|
0-0: Ball 1-0: Ball 2-0: Foul Ball, location: 2F 2-1: Foul Ball, location: 2F 2-2: Ball 3-2: Fly out, F9 (Line Drive, 9S)
|
Batting: LHB Mark Sanders
|
0-0: Ball 1-0: Ball 2-0: Called Strike 2-1: Fielders Choice at 2nd, 4-6 (Groundball, 4)
|
Bottom of the 3rd over - 0 run(s), 1 hit(s), 0 error(s), 0 left on base; Amity Gardens 4 - Gilbert 0 |
TOP OF THE 4TH |
Amity Gardens Westerners batting - Pitching for Gilbert Fire Fighters : RHP Ángel Rodríguez
|
Batting: RHB Carlos Dumenigo
|
0-0: Called Strike 0-1: Ball 1-1: Ball 2-1: Ball 3-1: Foul Ball, location: 2F 3-2: Foul Ball, location: 2F 3-2: Strikes out swinging
|
Batting: RHB Josh Bergman
|
0-0: Ball 1-0: Ball 2-0: Ground out 6-3 (Groundball, 6)
|
Batting: RHB Jonathon García
|
0-0: Swinging Strike 0-1: Called Strike 0-2: Ball 1-2: Ball 2-2: Fly out, F6 (Line Drive, 6)
|
Top of the 4th over - 0 run(s), 0 hit(s), 0 error(s), 0 left on base; Amity Gardens 4 - Gilbert 0 |
BOTTOM OF THE 4TH |
Gilbert Fire Fighters batting - Pitching for Amity Gardens Westerners : LHP Fernando García
|
Batting: LHB Matt Moore
|
0-0: Swinging Strike 0-1: Ball 1-1: SINGLE (Groundball, 34) (infield hit)
|
Batting: RHB Bill Salinas
|
0-0: Ball 1-0: SINGLE (Line Drive, 34) Matt Moore to second
|
Batting: SHB José Salazar
|
0-0: Called Strike 0-1: SINGLE (Groundball, 4MD) Matt Moore to third Bill Salinas to second
|
Batting: RHB John Field
|
0-0: Ball 1-0: DOUBLE (Flyball, 78D) Matt Moore scores Bill Salinas scores José Salazar to third
|
Batting: RHB Jesús Acosta
|
0-0: Ball 1-0: Ball 2-0: Called Strike 2-1: Foul Ball, location: 2F 2-2: Ball 3-2: Strikes out swinging
|
Batting: RHB Iván Romero
|
0-0: SINGLE (Popup, 4MD) José Salazar scores John Field to third Runner from 3rd tries for Home, SAFE, no throw
|
Batting: RHB Alfonso Santiago
|
0-0: Foul Ball, location: 2F 0-1: SINGLE (Groundball, 6MD) Iván Romero to second
|
Batting: RHB Ramón Maldonado
|
0-0: Ball 1-0: SINGLE (Line Drive, 6D) Iván Romero to third Alfonso Santiago to second Runner from 3rd tries for Home, SAFE, throw made home Alfonso Santiago to third Ramón Maldonado to second
|
Batting: LHB Mark Sanders
|
0-0: Called Strike 0-1: Ball 1-1: Ball 2-1: Called Strike 2-2: Ground out 6-3 (Groundball, 6S) Alfonso Santiago scores Ramón Maldonado to third
|
Pitching: RHP Raúl Letona
|
|
Batting: LHB Matt Moore
|
0-0: Ground out 4-3 (Groundball, 4)
|
Bottom of the 4th over - 6 run(s), 7 hit(s), 0 error(s), 1 left on base; Amity Gardens 4 - Gilbert 6 |
TOP OF THE 5TH |
Amity Gardens Westerners batting - Pitching for Gilbert Fire Fighters : RHP Ángel Rodríguez
|
Batting: RHB Tomás Rivera
|
0-0: Foul Ball, location: 2F 0-1: Foul Ball, location: 2F 0-2: Fly out, F9 (Flyball, 9LS)
|
Pitching: RHP Robbie Hopps
|
|
Batting: RHB Mel Wells
|
0-0: Called Strike 0-1: Ball 1-1: Ball 2-1: Hit by Pitch
|
Batting: RHB Ánibal Vega
|
0-0: Ball 1-0: Called Strike 1-1: Ball Mel Wells steals 2nd base 2-1: Ground out 5-3 (Groundball, 5)
|
Batting: SHB Chris Barrett
|
0-0: Ball 1-0: Called Strike 1-1: Swinging Strike 1-2: Strikes out looking
|
Top of the 5th over - 0 run(s), 0 hit(s), 0 error(s), 1 left on base; Amity Gardens 4 - Gilbert 6 |
BOTTOM OF THE 5TH |
Gilbert Fire Fighters batting - Pitching for Amity Gardens Westerners : RHP Raúl Letona
|
Batting: RHB Bill Salinas
|
0-0: Ball 1-0: Ball 2-0: Foul Ball, location: 2F 2-1: Foul Ball, location: 2F 2-2: Foul Ball, location: 2F 2-2: Foul Ball, location: 2F 2-2: Ground out 4-3 (Groundball, 4)
|
Batting: SHB José Salazar
|
0-0: Foul Ball, location: 2F 0-1: Foul Ball, location: 2F 0-2: Ball 1-2: Strikes out swinging
|
Batting: RHB John Field
|
0-0: Ball 1-0: Called Strike 1-1: Ground out 5-3 (Groundball, 56)
|
Bottom of the 5th over - 0 run(s), 0 hit(s), 0 error(s), 0 left on base; Amity Gardens 4 - Gilbert 6 |
TOP OF THE 6TH |
Amity Gardens Westerners batting - Pitching for Gilbert Fire Fighters : RHP Robbie Hopps
|
Batting: RHB Pat Johnston
|
0-0: Foul Ball, location: 2F 0-1: Ground out 4-3 (Groundball, 4)
|
Batting: LHB Jack Mitchell
|
0-0: Foul Ball, location: 2F 0-1: Called Strike 0-2: Strikes out swinging
|
Batting: RHB Carlos Dumenigo
|
0-0: Called Strike 0-1: Ball 1-1: Ball 2-1: Foul Ball, location: 2F 2-2: Foul Ball, location: 2F 2-2: Foul Ball, location: 2F 2-2: Strikes out swinging
|
Top of the 6th over - 0 run(s), 0 hit(s), 0 error(s), 0 left on base; Amity Gardens 4 - Gilbert 6 |
BOTTOM OF THE 6TH |
Gilbert Fire Fighters batting - Pitching for Amity Gardens Westerners : RHP Raúl Letona
|
Batting: RHB Jesús Acosta
|
0-0: Ball 1-0: Called Strike 1-1: Fly out, F3 (Line Drive, 3S)
|
Batting: RHB Iván Romero
|
0-0: Ground out 6-3 (Groundball, 6)
|
Batting: RHB Alfonso Santiago
|
0-0: DOUBLE (Line Drive, 7)
|
Batting: RHB Ramón Maldonado
|
0-0: Ball 1-0: Ball 2-0: Called Strike 2-1: Foul Ball, location: 2F 2-2: Ball 3-2: Strikes out looking
|
Bottom of the 6th over - 0 run(s), 1 hit(s), 0 error(s), 1 left on base; Amity Gardens 4 - Gilbert 6 |
TOP OF THE 7TH |
Amity Gardens Westerners batting - Pitching for Gilbert Fire Fighters : RHP Robbie Hopps
|
Batting: RHB Josh Bergman
|
0-0: Fly out, F9 (Flyball, 9S)
|
Batting: RHB Jonathon García
|
0-0: Ball 1-0: Called Strike 1-1: Called Strike 1-2: Strikes out looking
|
Batting: RHB Tomás Rivera
|
0-0: Called Strike 0-1: Called Strike 0-2: Strikes out swinging
|
Top of the 7th over - 0 run(s), 0 hit(s), 0 error(s), 0 left on base; Amity Gardens 4 - Gilbert 6 |
BOTTOM OF THE 7TH |
Gilbert Fire Fighters batting - Pitching for Amity Gardens Westerners : RHP Raúl Letona
|
Batting: LHB Mark Sanders
|
0-0: Ball 1-0: Ground out 4-3 (Groundball, 4)
|
Batting: LHB Matt Moore
|
0-0: SINGLE (Groundball, 4S) (infield hit)
|
Batting: RHB Bill Salinas
|
0-0: Foul Ball, location: 2F 0-1: Fly out, F9 (Line Drive, 9D)
|
Batting: SHB José Salazar
|
0-0: Called Strike Matt Moore is caught stealing 2nd base
|
Bottom of the 7th over - 0 run(s), 1 hit(s), 0 error(s), 0 left on base; Amity Gardens 4 - Gilbert 6 |
TOP OF THE 8TH |
Amity Gardens Westerners batting - Pitching for Gilbert Fire Fighters : RHP Robbie Hopps
|
Batting: RHB Mel Wells
|
0-0: Called Strike 0-1: Ball 1-1: Ball 2-1: Foul Ball, location: 2F 2-2: Ball 3-2: Base on Balls
|
Batting: RHB Ánibal Vega
|
0-0: Called Strike 0-1: Foul Ball, location: 2F 0-2: Foul Ball, location: 2F 0-2: Ball 1-2: Strikes out swinging
|
Pitching: RHP Jorge Álvarez
|
|
Batting: SHB Chris Barrett
|
0-0: Called Strike 0-1: Ball 1-1: Ball 2-1: Fly out, F8 (Flyball, 8LD) Runner from 1st tags up, SAFE at 2nd
|
Batting: RHB Pat Johnston
|
0-0: Foul Ball, location: 2F 0-1: Called Strike 0-2: Ball 1-2: Strikes out swinging
|
Top of the 8th over - 0 run(s), 0 hit(s), 0 error(s), 1 left on base; Amity Gardens 4 - Gilbert 6 |
BOTTOM OF THE 8TH |
Gilbert Fire Fighters batting - Pitching for Amity Gardens Westerners : RHP Raúl Letona
|
Batting: SHB José Salazar
|
0-0: Foul Ball, location: 2F 0-1: Called Strike 0-2: Ball 1-2: SINGLE (Groundball, 23) (infield hit)
|
Batting: RHB John Field
|
0-0: Called Strike 0-1: Sac Bunt - play at first, batter OUT! 1-3 José Salazar to second
|
Batting: RHB Jesús Acosta
|
0-0: Ball 1-0: Fly out, F7 (Flyball, 78D)
|
Batting: RHB Iván Romero
|
0-0: Fly out, F5 (Line Drive, 56S)
|
Bottom of the 8th over - 0 run(s), 1 hit(s), 0 error(s), 1 left on base; Amity Gardens 4 - Gilbert 6 |
TOP OF THE 9TH |
Amity Gardens Westerners batting - Pitching for Gilbert Fire Fighters : RHP Jorge Álvarez
|
Pitching: RHP Edgardo Castillo
|
|
Batting: LHB Jack Mitchell
|
0-0: Foul Ball, location: 2F 0-1: Foul Ball, location: 2F 0-2: Foul Ball, location: 2F 0-2: Foul Ball, location: 2F 0-2: Fly out, F8 (Flyball, 8LM)
|
Batting: RHB Carlos Dumenigo
|
0-0: Ball 1-0: Swinging Strike 1-1: Foul Ball, location: 2F 1-2: Single, Error in OF, E7, batter to second base
|
Pinch Hitting: RHB Xavier Silva
|
0-0: DOUBLE (Line Drive, 78M) Carlos Dumenigo scores
|
Pinch Hitting: LHB Eddie Nealon
|
0-0: Called Strike 0-1: Called Strike 0-2: Ground out 4-3 (Groundball, 34D) Xavier Silva to third
|
Pinch Hitting: RHB Gustavo Todd
|
0-0: Ball 1-0: Ball 2-0: Called Strike 2-1: Foul Ball, location: 2F 2-2: Foul Ball, location: 2F 2-2: Foul Ball, location: 2F 2-2: Foul Ball, location: 2F 2-2: Foul Ball, location: 2F 2-2: Ball 3-2: Ground out 6-3 (Groundball, 6)
|
Top of the 9th over - 1 run(s), 2 hit(s), 1 error(s), 1 left on base; Amity Gardens 5 - Gilbert 6 |
|